 Dungeon Crawl Stone Soup version 0.21.0-3-g78d12a8bdd (webtiles) character file.

1878 BrokenGlass the Grappler (level 9, 0/62 HPs)
             Began as an Octopode Fighter on Jan 13, 2018.
             Was an Elder of Ru.
             Slain by a wolf (10 damage)
             ... led by Grum
             ... on level 9 of the Dungeon.
             The game lasted 00:09:26 (7746 turns).

BrokenGlass the Grappler (Octopode Fighter)         Turns: 7746, Time: 00:09:27

Health: 0/62       AC:  1    Str: 15 (18) XL:     9   Next: 14%
Magic:  0/9        EV: 13    Int:  9 (10) God:    Ru [****..]
Gold:   469        SH:  0    Dex: 11 (12) Spells: 8/8 levels left

rFire    x . .     SeeInvis .     - Unarmed
rCold    x . .     Gourm    .   (no shield)
rNeg     . . .     Faith    .   (helmet restricted)
rPois    .         Spirit   +   l - amulet of guardian spirit
rElec    .         Reflect  .   (no ring)
rCorr    .         Harm     .   (no ring)
MR       .....                  (no ring)
Stlth    ++........             (no ring)
HPRegen  0.20/turn              (no ring)
MPRegen  0.11/turn              (no ring)
                                (no ring)
                                (no ring)

@: exhausted, drained
A: almost no armour, stealthy swim, amphibious, 8 rings, constrict 8, camouflage
1, gelatinous body 1, inexperienced 1, temperature sensitive
a: Draw Out Power, Power Leap, Renounce Religion


You were on level 9 of the Dungeon.
You worshipped Ru.
Ru was greatly pleased with you.
You were not hungry.

You visited 1 branch of the dungeon, and saw 9 of its levels.

You collected 469 gold pieces.

Inventory:

Armour
 a - a +0 shield
Jewellery
 l - an amulet of guardian spirit (around mantle)
 y - an uncursed amulet of regeneration {unknown}
Wands
 o - a wand of paralysis (12)
 s - a wand of iceblast (9)
 u - a wand of polymorph (8)
 v - a wand of scattershot (7)
 A - a wand of digging (18)
Scrolls
 d - 2 scrolls of amnesia {unknown}
 e - 4 scrolls of remove curse {unknown}
 h - 11 scrolls of identify {unknown}
 i - 4 scrolls of teleportation {unknown}
 m - 2 scrolls of fog {unknown}
 n - 2 scrolls of blinking {unknown}
 p - 2 scrolls of immolation {unknown}
 r - a scroll of random uselessness {unknown}
 t - a scroll of fear {unknown}
 w - a scroll of enchant weapon {unknown}
 x - a scroll of enchant armour {unknown}
Potions
 b - 5 potions of might
 f - 2 potions of degeneration
 j - a potion of magic {unknown}
 k - 3 potions of curing
Comestibles
 c - 15 rations
 z - a chunk of flesh


   Skills:
 * Level 6.0(5.7) Fighting
 - Level 3.0(2.7) Dodging
 - Level 3.0(2.7) Shields
 - Level 10.8(10.5) Unarmed Combat


You had 8 spell levels left.
You didn't know any spells.

Dungeon Overview and Level Annotations

Branches:
Dungeon (10/15)            Temple (0/1) D:4
   Lair: D:8-11         Orc: D:9-12

Altars:
Dithmenos
Fedhas
Hepliaklqana
Kikubaaqudgha
Makhleb
Nemelex Xobeh
Okawaru
Qazlal
Ru
Trog
Xom
The Shining One

Shops:
D:5 [

Annotations:
D:9 Grum
D:10 Snorg


Innate Abilities, Weirdness & Mutations

You cannot wear most types of armour.
You are very stealthy in the water. (Stealth+)
You are amphibious.
You can wear up to eight rings at the same time.
You can use your tentacles to constrict eight enemies at once.
Your skin changes colour to match your surroundings (Stealth+).
Your rubbery body absorbs attacks. (AC +1, EV +1)
You are somewhat inexperienced. (-2 XL)
You are sensitive to extremes of temperature. (rF-, rC-)


Message History

It was a potion of heal wounds.
You feel much better. The wolf bites you!
* * * LOW HITPOINT WARNING * * *
You redirect the wolf's attack!
The wolf bites itself but does no damage.
Unknown command.
Okay, then.
Unknown command.
Unknown command.
You bludgeon the wolf! You grab the wolf.
The wolf is severely wounded.
You constrict the wolf. The wolf bites you.
* * * LOW HITPOINT WARNING * * *
The crimson imp closely misses you.
Unknown command.
You tentacle-slap the crimson imp. You grab the crimson imp.
You tentacle-slap the crimson imp. You squeeze the crimson imp!
You kill the crimson imp!
Your base Fighting skill increases to level 6!
You constrict the wolf. The wolf bites you!
You die...

#.# #.# #.# #.#
#.# #.#
###.########.###
.......@hhc((..#
..########g..†>#
#.....# #.....#
##.....# ##.##.#
#.# .# #.# .# #.
.#


You could see Grum, 2 wolves and a centaur.

Vanquished Creatures
  An orc warrior (D:6)
  An ice beast (D:6)
  A sky beast (D:5)
  3 phantoms (D:5)
  A necrophage (D:6)
  3 centaurs
  4 ogres
  2 bullfrogs (D:6)
  A big kobold (D:5)
  4 crimson imps
  A quasit (D:6)
  2 hounds (D:6)
  2 orc priests (D:6)
  A bullfrog skeleton (D:4)
  An orc wizard (D:4)
  An iguana (D:4)
  Ijyb (D:3)
  5 worker ants
  5 adders
  A howler monkey skeleton (D:5)
  2 oozes
  An adder skeleton (D:5)
  An adder zombie (D:6)
  2 worms
  2 leopard geckos
  20 orcs
  3 giant cockroaches
  4 goblins
  16 hobgoblins
  9 jackals
  2 quokkas
  A ball python (D:1)
  9 bats
  9 frilled lizards
  A jackal skeleton (D:4)
  10 kobolds
  9 rats
142 creatures vanquished.

Vanquished Creatures (others)
  A worker ant (D:7)
  An adder (D:9)
  4 toadstools (D:1)
6 creatures vanquished.

Grand Total: 148 creatures vanquished

Notes
Turn   | Place    | Note
-------+----------+-------------------------------------------
     0 | D:1      | BrokenGlass the Octopode Fighter began the quest for the Orb.
     0 | D:1      | Reached XP level 1. HP: 16/16 MP: 1/1
    91 | D:1      | Reached XP level 2. HP: 20/21 MP: 2/2
   155 | D:1      | Reached skill level 3 in Unarmed Combat
   741 | D:1      | Reached XP level 3. HP: 25/26 MP: 3/3
  1183 | D:2      | Reached skill level 4 in Unarmed Combat
  1468 | D:2      | Reached XP level 4. HP: 24/31 MP: 4/4
  1755 | D:2      | Found a blossoming altar of Fedhas.
  1894 | D:3      | Found a burning altar of Makhleb.
  1897 | D:3      | Found a bloodstained altar of Trog.
  1903 | D:3      | Found a sacrificial altar of Ru.
  1962 | D:3      | Became a worshipper of Ru the Awakened
  2170 | D:3      | Noticed Ijyb
  2179 | D:3      | Paralysed by Ijyb for 5 turns
  2186 | D:3      | Paralysed by Ijyb for 5 turns
  2191 | D:3      | Killed Ijyb
  2191 | D:3      | Reached skill level 5 in Unarmed Combat
  2191 | D:3      | Reached XP level 5. HP: 23/36 MP: 5/5
  2539 | D:4      | Found a blossoming altar of Fedhas.
  2539 | D:4      | Noticed a centaur
  2772 | D:4      | Killed a centaur
  2772 | D:4      | Reached skill level 6 in Unarmed Combat
  2772 | D:4      | Reached XP level 6. HP: 21/42 MP: 6/6
  2967 | D:4      | Found a hazy altar of Hepliaklqana.
  2968 | D:4      | Found a shimmering altar of Xom.
  2968 | D:4      | Noticed a tentacled monstrosity
  2969 | D:4      | Noticed a spectral ugly thing
  2969 | D:4      | Noticed a tentacled monstrosity
  3010 | D:4      | Found a staircase to the Ecumenical Temple.
  3163 | D:4      | Gained mutation: You are somewhat inexperienced. (-2 XL) [Ru sacrifice]
  3163 | D:4      | Reached XP level 5. HP: 36/36 MP: 5/5
  3163 | D:4      | Reached XP level 4. HP: 31/31 MP: 4/4
  3163 | D:4      | Reached * piety under Ru
  3163 | D:4      | Reached ** piety under Ru
  3433 | D:5      | Entered Level 5 of the Dungeon
  3604 | D:4      | Reached XP level 5. HP: 36/36 MP: 5/5
  3619 | D:4      | Reached skill level 7 in Unarmed Combat
  3887 | D:4      | Found a glowing golden altar of the Shining One.
  3887 | D:4      | Found an ancient bone altar of Kikubaaqudgha.
  3887 | D:4      | Found a sparkling altar of Nemelex Xobeh.
  3977 | D:4      | Found a shadowy altar of Dithmenos.
  3979 | D:4      | Found an iron altar of Okawaru.
  4136 | D:5      | Found Matt's Armour Shop.
  4136 | D:5      | Noticed a phantom
  4155 | D:5      | Killed a phantom
  4155 | D:5      | Reached XP level 6. HP: 21/42 MP: 6/6
  4408 | D:5      | Noticed a phantom
  4602 | D:5      | Noticed a phantom
  4794 | D:5      | Killed a phantom
  4794 | D:5      | Reached skill level 8 in Unarmed Combat
  4811 | D:5      | Reached XP level 7. HP: 29/46 MP: 7/7
  5042 | D:5      | Reached skill level 9 in Unarmed Combat
  5413 | D:5      | Found a burning altar of Makhleb.
  5744 | D:5      | Reached XP level 8. HP: 46/52 MP: 5/8
  5815 | D:5      | Reached skill level 10 in Unarmed Combat
  5913 | D:5      | Found a stormy altar of Qazlal.
  6350 | D:6      | Gained mutation: You are sensitive to extremes of temperature. (rF-, rC-) [Ru sacrifice]
  6350 | D:6      | Reached *** piety under Ru
  6350 | D:6      | Reached **** piety under Ru
  6794 | D:6      | Reached skill level 5 in Fighting
  7065 | D:6      | Reached XP level 9. HP: 60/61 MP: 9/9
  7654 | D:7      | You fall through a shaft for 3 floors!
  7654 | D:10     | Entered Level 10 of the Dungeon
  7654 | D:10     | Found a shadowy altar of Dithmenos.
  7664 | D:10     | Noticed Snorg
  7721 | D:10     | Noticed a merfolk
  7732 | D:9      | Noticed Grum
  7740 | D:9      | HP: 3/61 [wolf[Grum] (4)]
  7746 | D:9      | Slain by a wolf

Skill      XL: |  1  2  3  4  5  6  7  8  9 |
---------------+----------------------------+-----
Unarmed Combat | 3 4 5 7 8 9 10 | 10.8
Fighting       | 5 6 |  6.0
Dodging        | |  3.0
Shields        | |  3.0

Action                   |  1- 3 |  4- 6 |  7- 9 || total
-------------------------+-------+-------+-------++-------
Melee: Unarmed           |    97 |   161 |   143 ||   401
       Constrict         |    23 |    31 |    29 ||    83
       Tentacles         |    15 |    27 |    32 ||    74
       Punch             |     2 |     7 |     9 ||    18
Invok: Sacrifice Experie |       |     1 |       ||     1
       Sacrifice Resista |       |       |     1 ||     1
       Draw Out Power    |       |       |     1 ||     1
  Use: Potion            |       |       |     4 ||     4
 Stab: Sleeping          |    11 |     5 |     3 ||    19
       Invisible         |       |     1 |       ||     1
       Distracted        |       |       |     1 ||     1
  Eat: Chunk             |     1 |     9 |     8 ||    18
       Ration            |       |     1 |       ||     1
Armor: Skin              |     4 |     9 |     3 ||    16
Dodge: Dodged            |    52 |    94 |    84 ||   230
